 Dungeon Crawl Stone Soup version 0.27.1-34-g3ba077fa99 (webtiles) character file.

Game seed: 13136551177002956242

1514 MisterFreud the Grappler (level 8, -10/80 HPs)
             Began as a Troll Berserker on Jan 3, 2022.
             Was a Priest of Trog.
             Mangled by a five-headed hydra (11 damage)
             ... on level 6 of the Dungeon.
             The game lasted 00:04:40 (3596 turns).

MisterFreud the Grappler (Troll Berserker)          Turns: 3596, Time: 00:04:41

Health: -10/80     AC:  7    Str: 26    XL:     8   Next: 53%
Magic:  7/7        EV: 14    Int:  5    God:    Trog [***...]
Gold:   200        SH:  0    Dex:  9    Spells: 7/7 levels left

rFire    . . .     SeeInvis .     - Unarmed
rCold    . . .     Faith    .   (no shield)
rNeg     . . .     Spirit   .   a - +1 animal skin
rPois    .         Reflect  .   k - +2 hat
rElec    .         Harm     .   (no cloak)
rCorr    +         Rampage  .   (gloves unavailable)
Will     .....                  (boots unavailable)
Stlth    +.........             (no amulet)
HPRegen  1.23/turn              j - +4 ring of evasion
MPRegen  0.10/turn              x - ring of resist corrosion

@: no status effects
A: large, unfitting armour, claws 3, regeneration 1, shaggy fur 1, tough skin 1
a: Renounce Religion, Berserk, Trog's Hand


You were on level 6 of the Dungeon.
You worshipped Trog.
Trog was most pleased with you.
You visited 1 branch of the dungeon, and saw 6 of its levels.

You collected 200 gold pieces.

Inventory:

Missiles
 d - a throwing net (quivered)
 u - 6 atropa-tipped darts
Armour
 a - a +1 animal skin (worn)
 k - a +2 hat (worn)
Jewellery
 j - a +4 ring of evasion (left claw)
 x - a ring of resist corrosion (right claw)
 y - a ring of ice
Wands
 o - a wand of digging (6)
 p - a wand of paralysis (22)
Scrolls
 b - 3 scrolls of identify
 l - 2 scrolls of fear
 v - a scroll of teleportation {unknown}
 w - a scroll of fog {unknown}
Potions
 e - a potion of might {unknown}
 f - a potion of ambrosia {unknown}
 h - 4 potions of curing
 i - 2 potions of brilliance {unknown}
 m - 2 potions of attraction {unknown}
 n - 2 potions of invisibility {unknown}
 q - a potion of magic {unknown}
 r - 2 potions of haste {unknown}
 t - a potion of lignification {unknown}


   Skills:
 - Level 5.0 Fighting
 - Level 5.0 Dodging
 + Level 8.3 Unarmed Combat


You had 7 spell levels left.
You didn't know any spells.
Your spell library was empty.

Dungeon Overview and Level Annotations

Branches:
Dungeon (6/15)
 Temple: D:4-7

Altars:
Elyvilon
Nemelex Xobeh
Okawaru
Yredelemnul

Shops:
D:3 =


Innate Abilities, Weirdness & Mutations

You are too large for most types of armour.
You have claws for hands.
Your natural rate of healing is unusually fast.
You are covered in fur. (AC +1)
You have tough skin. (AC +1)


Message History

The five-headed hydra misses you.
The five-headed hydra bites you but does no damage.
The five-headed hydra bites you.
Unknown command.
Unknown command.
As you read the scroll labelled BUNIRASSEELI, it crumbles to dust.
It is a scroll of enchant armour.
Your +0 animal skin glows green for a moment.
The five-headed hydra barely misses you.
The five-headed hydra bites you but does no damage.
The five-headed hydra completely misses you.
The five-headed hydra barely misses you.
The five-headed hydra bites you!
This is a scroll of acquirement!
Something appears at your feet!
The five-headed hydra barely misses you. x2
The five-headed hydra closely misses you.
The five-headed hydra bites you. The five-headed hydra bites you!
As you read the scroll labelled WADGHIC XENOEM, it crumbles to dust.
It is a scroll of enchant weapon.
You aren't carrying any weapons that can be enchanted.
The five-headed hydra bites you!
* * * LOW HITPOINT WARNING * * *
The five-headed hydra completely misses you.
The five-headed hydra bites you!
* * * LOW HITPOINT WARNING * * *
The five-headed hydra bites you but does no damage.
The five-headed hydra bites you!
* * * LOW HITPOINT WARNING * * *
Unknown command.
Unknown command.
Okay, then.
Unknown command.
It was a potion of curing.
You feel better.
The five-headed hydra closely misses you.
The five-headed hydra bites you!
* * * LOW HITPOINT WARNING * * *
The five-headed hydra bites you but does no damage.
The five-headed hydra bites you!
You die...

###.##......##.#
#......#........
#.#.##....#....#
#......#.##.####
#........##.#
#..###......#
###....#.####.#
#....†...# #.#
#@##.#...# ...
#D##.....# ....
#.##.....#
.....#
#.##....##
.....# #.....$?#
#.....#
##.†§...#
#.#.##.# #.#.#
.# #.#.. ..


You could see a five-headed hydra.

Vanquished Creatures
  A centaur zombie (D:5)
  Eustachio (D:5)
  A steam dragon (D:6)
  A water moccasin (D:5)
  A black bear (D:5)
  An ogre (D:6)
  2 centaurs (D:5)
  A bullfrog (D:5)
  A scorpion (D:6)
  2 jellies (D:5)
  An orc priest (D:4)
  A bullfrog skeleton (D:5)
  3 iguanas (D:5)
  A hound zombie (D:5)
  8 adders
  An ufetubus (D:4)
  5 worms
  4 dart slugs
  9 orcs
  4 bats
  6 endoplasms
  3 giant cockroaches
  2 goblins
  6 hobgoblins
  6 jackals
  5 kobolds
  3 quokkas
  9 ball pythons
  A frilled lizard (D:2)
  A rat (D:1)
91 creatures vanquished.

Vanquished Creatures (others)
  An iguana (D:6)
1 creature vanquished.

Grand Total: 92 creatures vanquished

Notes
Turn   | Place    | Note
-------+----------+-------------------------------------------
     0 | D:1      | MisterFreud the Troll Berserker began the quest for the
                  | Orb.
     0 | D:1      | Reached XP level 1. HP: 22/22 MP: 0/0
    76 | D:1      | Reached XP level 2. HP: 29/29 MP: 1/1
   642 | D:2      | Reached skill level 4 in Unarmed Combat
   642 | D:2      | Reached XP level 3. HP: 34/36 MP: 2/2
   699 | D:2      | Found a faded altar of an unknown god.
   736 | D:2      | Reached ** piety under Trog
   749 | D:2      | Reached XP level 4. HP: 44/44 MP: 3/3
   792 | D:2      | Reached skill level 5 in Unarmed Combat
  1274 | D:3      | Found an iron altar of Okawaru.
  1291 | D:3      | Found Seirez's Jewellery Boutique.
  1487 | D:3      | Found a basalt altar of Yredelemnul.
  2087 | D:3      | Found a sparkling altar of Nemelex Xobeh.
  2396 | D:4      | Reached skill level 6 in Unarmed Combat
  2396 | D:4      | Reached XP level 5. HP: 40/50 MP: 4/4
  2459 | D:4      | Found a white marble altar of Elyvilon.
  2589 | D:5      | Entered Level 5 of the Dungeon
  2598 | D:5      | Reached *** piety under Trog
  2618 | D:5      | Reached XP level 6. HP: 59/59 MP: 5/5
  2625 | D:5      | Reached skill level 7 in Unarmed Combat
  2887 | D:5      | Reached skill level 8 in Unarmed Combat
  2887 | D:5      | Reached XP level 7. HP: 66/66 MP: 6/6
  2921 | D:5      | Noticed Eustachio
  2935 | D:5      | Killed Eustachio
  2936 | D:5      | Reached skill level 5 in Dodging
  2945 | D:5      | Reached XP level 8. HP: 51/75 MP: 7/7
  3584 | D:6      | Noticed a five-headed hydra
  3586 | D:6      | Reached skill level 5 in Fighting
  3594 | D:6      | Identified a scroll of acquirement
  3594 | D:6      | Acquired the ring of Buetof {rElec rPois Str+6 Dex-4
                  | Slay+3}
  3595 | D:6      | HP: 4/80 [five-headed hydra (11)]
  3596 | D:6      | HP: 1/80 [five-headed hydra (15)]
  3596 | D:6      | Mangled by a five-headed hydra

Illustrated notes

Levels and vault maps discovered:
D:1:      mrwooster_arrival_statue_3, layout_basic
D:2:      layout_rooms, basic_ecumenical_altar, minmay_pentomino_q2
D:3:      layout_basic, mainiacjoe_overflow_chevrons, okawaru_ov_weapons_minmay,
          nemelex_dance_club_becter, serial_shops, nicolae_square_shop,
          serial_bayou_pond_d
D:4:      layout_rooms, elyvilon_altar_3, hangedman_decor_riveting
D:5:      layout_loops_cross, uniq_eustachio
D:6:      layout_loops_cross, mainiacjoe_overflow_surrounded_room,
          minmay_overflow_temple_star_hex, sigmund_army

Skill      XL: |  1  2  3  4  5  6  7  8 |
---------------+-------------------------+-----
Unarmed Combat | 4 6 8 |  8.3
Dodging        | 4 5 |  5.0
Fighting       | 3 5 |  5.0

Action                   |  1- 3 |  4- 6 |  7- 9 || total
-------------------------+-------+-------+-------++-------
Melee: Unarmed           |    65 |   147 |    51 ||   263
       Punch             |       |     3 |     1 ||     4
  Use: Scroll            |       |       |     5 ||     5
       Potion            |       |       |     1 ||     1
Armor: Animal skin       |    19 |    44 |    15 ||    78
Dodge: Dodged            |    49 |   103 |    47 ||   199
